 Dungeon Crawl Stone Soup version 0.24-a0-244-ga6a6ab7d13 (webtiles) character file.

Game seed: 5317854005405107708

35917 Redear the Carver (level 13, 0/96 HPs)
             Began as an Octopode Berserker on Apr 11, 2019.
             Was an Elder of Trog.
             Slain by a red ugly thing (9 damage)
             ... on level 14 of the Dungeon.
             The game lasted 01:02:47 (13497 turns).

Redear the Carver (Octopode Berserker)             Turns: 13497, Time: 01:02:48

Health: 0/96       AC:  1    Str: 18      XL:     13   Next: 86%
Magic:  13/13      EV: 26    Int: 10      God:    Trog [****..]
Gold:   1125       SH:  0    Dex: 25 (26) Spells: 12/12 levels left

rFire    + . .     SeeInvis .   i - +1 double sword of Eternal Night {drain, *Contam Dex+10}
rCold    + + .     Gourm    .   P - +0 buckler
rNeg     . . .     Faith    +   (helmet restricted)
rPois    .         Spirit   .   K - amulet of faith {Faith}
rElec    .         Reflect  .   c - ring of protection from cold {rC+}
rCorr    +         Harm     .   w - +2 ring of dexterity
MR       .....                  g - ring of resist corrosion
Stlth    +++.......             f - ring of protection from fire {rF+}
HPRegen  0.26/turn              G - ring of flight {+Fly}
MPRegen  0.13/turn              a - ring of protection from cold {rC+}
                                (no ring)
                                (no ring)

@: confused, berserk cooldown, slowed, very slow
A: almost no armour, stealthy swim, amphibious, 8 rings, constrict 8, camouflage
1, deterioration 1, gelatinous body 1
a: Berserk, Trog's Hand, Brothers in Arms, Renounce Religion, Evoke Flight


You were on level 14 of the Dungeon.
You worshipped Trog.
Trog was greatly pleased with you.
You were hungry.

You visited 2 branches of the dungeon, and saw 15 of its levels.
You also visited: Bailey and Ice Cave.

You collected 1125 gold pieces.

Inventory:

Hand Weapons
 i - the +1 double sword of Eternal Night (weapon) {drain, *Contam Dex+10}
   (You found it in an ice cave)

   A truly terrible weapon, it drains the life of those it strikes.
   It affects your dexterity (+10).
   It causes magical contamination when unequipped.
 x - a +0 scimitar of flaming
 Z - a +3 dagger of venom
Missiles
 D - 7 tomahawks of returning (quivered)
 R - 18 arrows
Armour
 P - a +0 buckler (worn)
Jewellery
 a - a ring of protection from cold (on tentacle) {rC+}
 c - a ring of protection from cold (left tentacle) {rC+}
 d - an uncursed amulet of regeneration {unknown}
 f - a ring of protection from fire (on tentacle) {rF+}
 g - a ring of resist corrosion (on tentacle)
 m - an uncursed ring of protection from cold {rC+}
 q - a cursed ring of attention {unknown}
 w - a +2 ring of dexterity (right tentacle)
 y - a cursed amulet of inaccuracy {unknown}
 B - an uncursed ring of positive energy {unknown}
 C - an uncursed amulet of the acrobat
 F - a +5 amulet of reflection
 G - a ring of flight (on tentacle) {+Fly}
 I - an uncursed ring of ice {unknown}
 K - an amulet of faith (around mantle) {Faith}
 W - an uncursed amulet of faith {Faith}
Wands
 l - a wand of disintegration (12)
 A - a wand of acid (7)
 E - a wand of enslavement (22)
 J - a wand of random effects (18)
 S - a wand of scattershot (4)
 V - a wand of flame (36)
Scrolls
 h - 6 scrolls of fog
 j - 3 scrolls of enchant armour
 k - 3 scrolls of enchant weapon
 n - a scroll of summoning
 u - a scroll of vulnerability {unknown}
 v - a scroll of immolation {unknown}
 M - 2 scrolls of magic mapping
 N - 5 scrolls of remove curse {@r2}
 T - 5 scrolls of teleportation {@r3}
 U - 3 scrolls of holy word
 Y - 3 scrolls of fear {unknown}
Potions
 b - a potion of ambrosia
 e - 2 potions of flight {unknown}
 o - a potion of degeneration {unknown}
 p - 3 potions of brilliance {unknown}
 r - 3 potions of resistance {rF+ rC+ rPois rElec rCorr}
 s - a potion of mutation {unknown}
 t - 2 potions of lignification
 H - 3 potions of haste {@q5}
 L - a potion of magic
 O - a potion of agility {unknown}
 Q - 2 potions of curing
Miscellaneous
 X - a phial of floods
Comestibles
 z - 17 rations


   Skills:
 + Level 11.8 Fighting
 + Level 11.9 Long Blades
 + Level 11.9 Dodging
 + Level 9.7 Stealth
 + Level 10.4 Shields


You had 12 spell levels left.
You didn't know any spells.
Your spell library contained the following spells:

 Spells                   Type           Power        Failure   Level  Hunger
 Beastly Appendage        Tmut           #.....       36%         1    ##.....
 Corona                   Hex            #......      36%         1    ##.....
 Magic Dart               Conj           #...         36%         1    ##.....
 Blink                    Tloc           N/A          50%         2    ###....
 Call Imp                 Summ           #.......     50%         2    ###....
 Searing Ray              Conj           #.....       50%         2    ###....
 Slow                     Hex            #.......     50%         2    ###....
 Sticks to Snakes         Tmut           #.......     50%         2    ###....
 Conjure Flame            Conj/Fire      #.......     75%         3    ####...
 Dazzling Spray           Conj/Hex       #.....       75%         3    ####...
 Inner Flame              Hex/Fire       #.......     75%         3    ####...
 Mephitic Cloud           Conj/Pois/Air  #.......     75%         3    ####...
 Portal Projectile        Hex/Tloc       #.....       75%         3    ####...
 Spider Form              Tmut/Pois      #.........   75%         3    ####...
 Cause Fear               Hex            #.........   98%         4    #####..
 Force Lance              Conj/Tloc      #.......     98%         4    #####..
 Fulminant Prism          Conj/Hex       #.........   98%         4    #####..
 Ice Form                 Ice/Tmut       #.......     98%         4    #####..
 Iskenderun's Mystic Bla  Conj           #.......     98%         4    #####..
 Leda's Liquefaction      Hex/Erth       #.........   98%         4    #####..
 Blade Hands              Tmut           #.........   100%        5    ######.


Dungeon Overview and Level Annotations

Branches:
Dungeon (15/15)            Temple (1/1) D:6            Lair (0/6) D:9
    Orc (0/2) D:9          Vaults (0/5) D:14         Depths (0/5) D:15

Altars:
Ashenzari
Cheibriados
Dithmenos
Elyvilon
Fedhas
Gozag
Hepliaklqana
Kikubaaqudgha
Makhleb
Nemelex Xobeh
Okawaru
Qazlal
Ru
Sif Muna
Trog
Uskayaw
Vehumet
Wu Jian
Xom
Yredelemnul
Zin
The Shining One

Shops:
D:6 %   D:14 %

Annotations:
D:14 1 runed translucent door, CedricTheThird's ghost, journeyman DsBe


Innate Abilities, Weirdness & Mutations

You cannot wear most types of armour.
You are very stealthy in the water. (Stealth+)
You are amphibious.
You can wear up to eight rings at the same time.
You can use your tentacles to constrict eight enemies at once.
Your skin changes colour to match your surroundings (Stealth+).
Your rubbery body absorbs attacks. (AC +1, EV +1)
Your body sometimes deteriorates upon taking damage.


Message History

You feel less resistant to hostile enchantments.
The red ugly thing gurgles horribly!
The red ugly thing basks in the mutagenic energy from its kin and changes!
The red ugly thing tentacle-slaps you!
* * * LOW HITPOINT WARNING * * *
You are engulfed in flames!
You resist.
* * * LOW HITPOINT WARNING * * *
The red ugly thing completely misses you.
You take 15 damage, and have 9/96 hp.
Unknown command.
Okay, then.
Unknown command.
Okay, then.
Unknown command.
You barely miss the red ugly thing.
Your surroundings seem slightly different.
The red ugly thing tentacle-slaps you!
* * * LOW HITPOINT WARNING * * *
You are engulfed in flames!
You resist.
You die...

...∩... #.......
#.#...#.# # .... #.
##'## #.! ##...##
#$.. ##.....##
#....##.....§.#
#.....@.y.uu.......#
#.#...u....u......##
#......u..........#
###...............#
#....u..........#
#...............#
#................
############


You could see 6 ugly things and a hornet.

Vanquished Creatures
  A frost giant (IceCv)
  A centaur warrior (D:14)
  4 vault guards (D:14)
  3 two-headed ogres
  Erica (D:9)
  3 death yaks (IceCv)
  A tengu warrior (D:14)
  A vampire mage (D:15)
  2 skeletal warriors (D:15)
  A necromancer (D:15)
  Pikel (D:7)
  An orc knight (Bailey)
  A sphinx zombie (D:15)
  2 deep elf magi (D:14)
  2 fire giant zombies (D:15)
  3 ugly things
  A wolf spider (D:15)
  A manticore (D:14)
  3 cyclopes
  An ice statue (IceCv)
  2 gargoyles
  2 centaur skeletons (D:10)
  A freezing wraith (D:14)
  A rime drake (shapeshifter) (D:14)
  3 tengu conjurers (D:14)
  A troll (D:14)
  8 polar bears (IceCv)
  An ettin skeleton (D:15)
  A centaur simulacrum (D:14)
  Sigmund (D:2)
  24 yaks (IceCv)
  A fire elemental (D:11)
  3 hungry ghosts
  A steam dragon (D:14)
  7 wargs (D:9)
  A water moccasin (D:9)
  5 ice beasts
  A slave (D:7)
  2 sky beasts
  An eye of draining (D:9)
  8 orc warriors
  2 phantoms
  4 ogres
  2 necrophages (D:9)
  7 wolves (IceCv)
  6 centaurs
  2 big kobolds
  16 bullfrogs
  A wyvern skeleton (D:14)
  A water moccasin zombie (D:8)
  3 scorpions
  2 water moccasin skeletons (D:11)
  17 killer bees
  29 wights
  2 crimson imps
  2 bullfrog zombies
  3 centaur zombies
  A jelly (D:11)
  A bullfrog skeleton (D:7)
  13 orc wizards
  8 hounds
  6 orc priests
  7 worker ants
  5 iguanas
  A howler monkey zombie (D:9)
  A worker ant zombie (D:6)
  9 adders
  A howler monkey skeleton (D:9)
  3 shadow imps
  12 white imps (D:11)
  An ooze (D:5)
  3 adder skeletons
  7 worms
  2 dart slugs
  9 leopard geckos
  38 orcs
  2 ball pythons (D:3)
  7 giant cockroaches
  8 hobgoblins
  10 jackals
  4 quokkas
  7 bats
  6 frilled lizards
  5 goblins
  10 kobolds
  3 leopard gecko skeletons
  A quokka skeleton (D:9)
  A quokka zombie (D:6)
  10 rats
410 creatures vanquished.

Vanquished Creatures (collateral kills)
  An ugly thing (D:11)
  An orc wizard (D:11)
2 creatures vanquished.

Vanquished Creatures (others)
  A polar bear (IceCv)
  A hippogriff (D:11)
  A yak (IceCv)
  2 slaves (D:7)
  7 wolves (IceCv)
  A crimson imp (D:7)
  A shadow imp (D:11)
  A quokka zombie (D:7)
  7 plants (D:14)
  A withered plant (D:15)
23 creatures vanquished.

Grand Total: 435 creatures vanquished

Notes
Turn   | Place    | Note
-------+----------+-------------------------------------------
     0 | D:1      | Redear the Octopode Berserker began the quest for the Orb.
     0 | D:1      | Reached XP level 1. HP: 16/16 MP: 1/1
   198 | D:1      | Reached skill level 1 in Stealth
   198 | D:1      | Reached XP level 2. HP: 21/21 MP: 2/2
   598 | D:2      | Reached XP level 3. HP: 19/26 MP: 3/3
   599 | D:2      | Reached skill level 2 in Stealth
   623 | D:2      | Reached ** piety under Trog
   893 | D:2      | Noticed Sigmund
   902 | D:2      | Killed Sigmund
   902 | D:2      | Reached skill level 4 in Fighting
   902 | D:2      | Reached skill level 4 in Long Blades
   902 | D:2      | Reached skill level 4 in Dodging
   902 | D:2      | Reached skill level 3 in Stealth
   902 | D:2      | Reached XP level 4. HP: 33/33 MP: 4/4
   902 | D:2      | Reached XP level 5. HP: 37/37 MP: 5/5
  1357 | D:3      | Reached XP level 6. HP: 43/43 MP: 6/6
  1402 | D:3      | Found a radiant altar of Vehumet.
  1480 | D:3      | Reached skill level 4 in Stealth
  1883 | D:3      | Reached *** piety under Trog
  2728 | D:4      | Reached XP level 7. HP: 40/49 MP: 7/7
  2840 | D:5      | Entered Level 5 of the Dungeon
  3060 | D:5      | Reached skill level 5 in Stealth
  3314 | D:5      | Reached **** piety under Trog
  3356 | D:5      | Reached skill level 5 in Fighting
  3356 | D:5      | Reached skill level 5 in Long Blades
  3356 | D:5      | Reached skill level 5 in Dodging
  3762 | D:6      | Reached skill level 6 in Stealth
  3808 | D:6      | Reached XP level 8. HP: 43/55 MP: 8/8
  4036 | D:6      | Found a staircase to the Ecumenical Temple.
  4138 | D:6      | Received a gift from Trog
  4151 | D:6      | Found Tarad's Food Shop.
  4643 | D:7      | Found a flagged portal.
  4652 | Bailey   | Entered a bailey
  4692 | Bailey   | Reached skill level 6 in Fighting
  4692 | Bailey   | Reached skill level 6 in Long Blades
  4692 | Bailey   | Reached skill level 6 in Dodging
  4723 | Bailey   | Noticed an orc knight
  5049 | Bailey   | Reached skill level 1 in Shields
  5059 | Bailey   | Killed an orc knight
  5059 | Bailey   | Reached skill level 2 in Shields
  5059 | Bailey   | Reached XP level 9. HP: 50/63 MP: 9/9
  5272 | D:7      | Reached skill level 3 in Shields
  5299 | D:7      | Noticed Pikel
  5353 | Temple   | Entered the Ecumenical Temple
  5496 | D:7      | Killed Pikel
  5496 | D:7      | Reached skill level 7 in Fighting
  5496 | D:7      | Reached skill level 7 in Long Blades
  5496 | D:7      | Reached skill level 7 in Dodging
  5641 | D:7      | Reached skill level 4 in Shields
  6435 | D:8      | Reached XP level 10. HP: 72/72 MP: 10/10
  6999 | D:8      | Reached skill level 8 in Fighting
  6999 | D:8      | Reached skill level 5 in Shields
  7097 | D:8      | Noticed a purple ugly thing
  7104 | D:8      | Killed a purple ugly thing
  7104 | D:8      | Reached skill level 8 in Long Blades
  7104 | D:8      | Reached skill level 8 in Dodging
  7766 | D:9      | Reached skill level 6 in Shields
  7829 | D:9      | Found a staircase to the Lair.
  7912 | D:9      | Noticed Erica
  7914 | D:9      | HP: 7/71 [something (12)]
  7932 | D:9      | Killed Erica
  7932 | D:9      | Reached skill level 9 in Fighting
  7932 | D:9      | Reached skill level 9 in Long Blades
  7932 | D:9      | Reached skill level 9 in Dodging
  7932 | D:9      | Reached XP level 11. HP: 62/80 MP: 11/11
  8009 | D:9      | Found a staircase to the Orcish Mines.
  8084 | D:9      | HP: 8/80 [something (4)]
  8525 | D:10     | Entered Level 10 of the Dungeon
  8676 | D:10     | Noticed a cyclops
  8687 | D:10     | Killed a cyclops
  8766 | D:10     | Reached skill level 7 in Shields
  9615 | D:11     | Reached ***** piety under Trog
  9714 | D:11     | Noticed a brown ugly thing
  9727 | D:11     | Killed a brown ugly thing
  9780 | D:11     | Noticed a two-headed ogre
  9788 | D:11     | Killed a two-headed ogre
  9823 | D:11     | Noticed a two-headed ogre
  9857 | D:11     | Killed a two-headed ogre
  9857 | D:11     | Reached skill level 10 in Long Blades
  9862 | D:11     | Reached skill level 10 in Fighting
  9863 | D:11     | Reached skill level 10 in Dodging
  9868 | D:11     | Received a gift from Trog
  9917 | D:11     | Found a frozen archway.
  9928 | D:11     | Reached skill level 8 in Shields
  9933 | IceCv    | Entered an ice cave
  9950 | IceCv    | Reached XP level 12. HP: 59/87 MP: 12/12
 10836 | IceCv    | HP: 7/88 [yak (15)]
 11120 | IceCv    | Noticed a death yak
 11154 | IceCv    | HP: 5/89 [polar bear (5)]
 11242 | IceCv    | Killed a death yak
 11242 | IceCv    | Reached skill level 9 in Shields
 11332 | IceCv    | Noticed a death yak
 11332 | IceCv    | Noticed a frost giant
 11332 | IceCv    | Noticed a death yak
 11347 | IceCv    | Killed a frost giant
 11404 | IceCv    | Killed a death yak
 11404 | IceCv    | Reached skill level 11 in Long Blades
 11412 | IceCv    | Killed a death yak
 11412 | IceCv    | Reached skill level 11 in Fighting
 11412 | IceCv    | Reached skill level 11 in Dodging
 11460 | IceCv    | Got a translucent double sword
 11461 | IceCv    | Identified the cursed +1 double sword of Eternal Night
                  | {drain, *Contam Dex+10} (You found it in an ice cave)
 11567 | D:11     | Reached skill level 7 in Stealth
 11621 | D:11     | Reached XP level 13. HP: 65/95 MP: 13/13
 11986 | D:12     | You fall through a shaft for 3 floors!
 11986 | D:15     | Entered Level 15 of the Dungeon
 12097 | D:15     | Reached skill level 8 in Stealth
 12181 | D:15     | Found an opulent altar of Gozag.
 12342 | D:15     | Found a staircase to the Depths.
 12475 | D:15     | Reached skill level 10 in Shields
 12552 | D:15     | HP: 13/142 [fire giant zombie (22)]
 12687 | D:15     | Gained mutation: Your body sometimes deteriorates upon
                  | taking damage. [mutagenic glow]
 12954 | D:14     | Found a runed translucent door.
 13038 | D:14     | Found Ugudus's Food Emporium.
 13166 | D:14     | Reached skill level 9 in Stealth
 13243 | D:14     | Noticed CedricTheThird's ghost (journeyman DsBe)
 13245 | D:14     | Identified the +6 trident of Lytaw {antimagic, rC- Str+3
                  | Dex+5}
 13462 | D:14     | Noticed a vault guard
 13463 | D:14     | Found a gate to the Vaults.
 13463 | D:14     | Noticed a vault guard
 13463 | D:14     | Noticed a vault guard
 13464 | D:14     | Noticed a vault guard
 13469 | D:14     | Killed a vault guard
 13474 | D:14     | Killed a vault guard
 13487 | D:14     | Killed a vault guard
 13492 | D:14     | Killed a vault guard
 13492 | D:14     | HP: 7/96 [something (13)]
 13497 | D:14     | HP: 9/96 [red ugly thing (8)]
 13497 | D:14     | Slain by a red ugly thing

Levels and vault maps discovered:
D:1:      lemuel_arrival_river_bridge, layout_rooms
D:2:      minmay_spotlight, layout_basic, uniq_sigmund
D:3:      layout_loops_cross, vehumet_crystals, first_ration,
          chequers_serial_rivers_small_3
D:4:      layout_basic
D:5:      layout_basic, grunt_ministairs_15
D:6:      lemuel_ice_spiral_2, layout_basic, minmay_temple_entry_overgrown,
          serial_shops, shop, chequers_mini_garden,
          eino_small_chamber_without_monster
D:7:      layout_basic, enter_bailey_6, uniq_pikel
D:8:      layout_basic
D:9:      layout_rooms, erik_lair_orcish_takeover, minmay_orc_entry_guard_dogs,
          serial_shops, nicolae_shop_window_shopping, uniq_erica
D:10:     layout_stronghold, blue_anna_alchemist [blue_anna_fruit_fields,
          blue_anna_fruit_fields]
D:11:     lemuel_flame_loot_2, layout_rooms, portal_ice_cave_entry_imps,
          kennysheep_generic_room_16
D:12:     layout_basic, basic_altar
D:14:     layout_long_grid, lightli_vaults_fourway_checkpoint,
          ebering_ghost_funeral_grove, serial_park_square2, serial_shops, shop
D:15:     gammafunk_depths_entry_grave, layout_rooms, basic_altar,
          minmay_misc_feat_plants
Temple:   dpeg_three_leaves_temple
Bailey:   bailey_polearm_1, bailey
IceCv:    ice_cave_caverns_02

Skill      XL: |  1  2  3  4  5  6  7  8  9 10 11 12 13 |
---------------+----------------------------------------+-----
Stealth        | 1 3 4 6 7 9 |  9.7
Fighting       | 4 5 6 7 9 10 11 | 11.8
Long Blades    | 4 5 6 7 9 10 11 | 11.9
Dodging        | 4 5 6 7 9 10 11 | 11.9
Shields        | 2 4 6 8 9 10 | 10.4

Action                   |  1- 3 |  4- 6 |  7- 9 | 10-12 | 13-15 || total
-------------------------+-------+-------+-------+-------+-------++-------
Melee: Falchion          |    50 |    91 |   102 |       |       ||   243
       Constrict         |    15 |    32 |    50 |    88 |    23 ||   208
       Tentacles         |     7 |    23 |    46 |   178 |    99 ||   353
       Long sword        |       |       |    66 |   483 |       ||   549
       Dagger            |       |       |       |    24 |       ||    24
       Scimitar          |       |       |       |     2 |       ||     2
       Double sword      |       |       |       |    25 |   179 ||   204
Throw: Stone             |       |       |   137 |       |       ||   137
       Javelin           |       |       |     7 |       |       ||     7
       Tomahawk          |       |       |       |     1 |     2 ||     3
Invok: Berserk           |     1 |     1 |     8 |    17 |     6 ||    33
       Trog's Hand       |       |       |     3 |    23 |    10 ||    36
       Brothers in Arms  |       |       |       |     1 |       ||     1
Evoke: Wand              |       |       |    36 |     3 |     2 ||    41
  Use: Scroll            |       |       |    12 |    10 |     7 ||    29
       Potion            |       |       |       |     5 |     3 ||     8
 Stab: Sleeping          |     4 |    10 |    15 |    12 |     6 ||    47
       Distracted        |       |       |       |     1 |     3 ||     4
       Confused          |       |       |       |       |     3 ||     3
  Eat: Chunk             |       |     7 |    11 |    29 |     6 ||    53
       Ration            |       |       |     3 |     4 |     3 ||    10
Armor: Skin              |     1 |     4 |     5 |    11 |     4 ||    25
Dodge: Dodged            |    33 |    81 |   119 |   320 |   127 ||   680
Block: Buckler           |       |       |    27 |   180 |    44 ||   251
       Other             |       |       |     5 |       |       ||     5
       Reflection        |       |       |     1 |     5 |       ||     6
       Rpst.: Falchion   |    10 |    25 |    26 |       |       ||    61
       Long sword        |       |       |    16 |    76 |       ||    92
       Double sword      |       |       |       |     4 |    21 ||    25

Table legend:
 A = Non-vault XP
 B = Vault XP
 C = Vault XP percentage of total XP
 D = Non-vault monster count
 E = Vault monster count
 F = Vault count percentage of total count
                 A         B        C        D         E       F
            +---------+---------+-------+---------+---------+-------
      Total |   23830 |   27480 |  53.6 |     299 |     112 |  27.3
            +---------+---------+-------+---------+---------+-------
        D:1 |      18 |       0 |   0.0 |      12 |       0 |   0.0
        D:2 |      42 |     253 |  85.8 |      20 |       5 |  20.0
        D:3 |     183 |       0 |   0.0 |      36 |       0 |   0.0
        D:4 |     134 |       0 |   0.0 |      19 |       0 |   0.0
        D:5 |     437 |      14 |   3.1 |      19 |       1 |   5.0
        D:6 |     681 |       0 |   0.0 |      19 |       0 |   0.0
        D:7 |     618 |     629 |  50.4 |      13 |       1 |   7.1
        D:8 |    1995 |       0 |   0.0 |      24 |       0 |   0.0
        D:9 |    2159 |    2208 |  50.6 |      33 |      14 |  29.8
       D:10 |    3126 |     100 |   3.1 |      30 |       1 |   3.2
       D:11 |    5648 |     320 |   5.4 |      45 |      15 |  25.0
       D:12 |      11 |       0 |   0.0 |       1 |       0 |   0.0
       D:14 |    5515 |    6000 |  52.1 |      17 |      11 |  39.3
       D:15 |    3263 |    4193 |  56.2 |      11 |       7 |  38.9
     Bailey |       0 |    1159 | 100.0 |       0 |      13 | 100.0
      IceCv |       0 |   12604 | 100.0 |       0 |      44 | 100.0
            +---------+---------+-------+---------+---------+-------
